 Dungeon Crawl Stone Soup version 0.26.1-11-gd32895ea62 (webtiles) character file.

Game seed: 10971050384852466675

4841 Ijustatesigmund the Cleaver (level 10, -7/65 HPs)
             Began as an Octopode Fighter on July 1, 2021.
             Asphyxiated
             ... on level 10 of the Dungeon.
             The game lasted 00:18:13 (12948 turns).

Ijustatesigmund the Cleaver (Octopode Fighter)     Turns: 12948, Time: 00:18:15

Health: -7/65      AC:  2    Str: 16    XL:     10   Next: 49%
Magic:  10/10      EV: 13    Int: 13    God:
Gold:   100        SH: 11    Dex: 12    Spells: 9/9 levels left

rFire    . . .     SeeInvis +   a - +1 broad axe (vorpal)
rCold    . . .     Faith    .   b - +2 kite shield
rNeg     + . .     Spirit   .   x - +1 hat
rPois    .         Reflect  .   (no amulet)
rElec    .         Harm     .   j - ring of positive energy
rCorr    +         Rampage  .   o - ring of see invisible
Will     .....                  y - ring of resist corrosion
Stlth    +++.......             r - ring of flight
HPRegen  0.20/turn              (no ring)
MPRegen  0.12/turn              (no ring)
                                (no ring)
                                (no ring)

@: lethally poisoned (-7 -> -18), slowed, studying Polearms, very slow
A: almost no armour, stealthy swim, amphibious, 8 rings, constrict 8, camouflage
1, gelatinous body 1
a: Evoke Flight


You were on level 10 of the Dungeon.
You visited 2 branches of the dungeon, and saw 11 of its levels.

You collected 564 gold pieces.
You spent 464 gold pieces at shops.

Inventory:

Hand Weapons
 a - a +1 vorpal broad axe (weapon)
 e - the +9 spear "Heho" {venom, Stlth+}
   (You took it off a gnoll sergeant on level 6 of the Dungeon)

   It poisons the flesh of those it strikes.
   It makes you more stealthy.
 t - a +3 flail
Armour
 b - a +2 kite shield (worn)
 x - a +1 hat (worn)
Jewellery
 g - an uncursed ring of fire
 j - a ring of positive energy (left tentacle)
 o - a ring of see invisible (right tentacle)
 r - a ring of flight (on tentacle)
 y - a ring of resist corrosion (on tentacle)
Wands
 p - a wand of disintegration (7)
 A - a wand of polymorph (17)
 B - a wand of digging (3)
Scrolls
 f - 2 scrolls of amnesia
 h - 5 scrolls of remove curse
 n - 3 scrolls of magic mapping
 q - a scroll of teleportation
 s - a scroll of enchant armour
 C - 2 scrolls of identify
 D - a scroll of fog
Potions
 d - a potion of curing
 i - 2 potions of flight
 k - a potion of magic
 l - a potion of attraction
 m - 2 potions of cancellation
 u - a potion of heal wounds
 v - a potion of ambrosia {unknown}
 w - a potion of degeneration {unknown}
 z - a potion of resistance {unknown}
Books
 c - a manual of Polearms


   Skills:
 + Level 4.6 Fighting
 - Level 13.4 Axes
 + Level 4.5 Dodging
 + Level 4.6 Shields


You had 9 spell levels left.
You didn't know any spells.
Your spell library was empty.

Dungeon Overview and Level Annotations

Branches:
Dungeon (10/15)            Temple (1/1) D:6
   Lair: D:8-11         Orc: D:9-12

Altars:
Ashenzari
Cheibriados
Dithmenos
Elyvilon
Fedhas
Gozag
Hepliaklqana
Kikubaaqudgha
Makhleb
Nemelex Xobeh
Okawaru
Qazlal
Ru
Sif Muna
Trog
Uskayaw
Vehumet
Wu Jian
Xom
Yredelemnul
Zin
The Shining One

Shops:
D:6 ((*(

Annotations:
D:10 Sonja


Innate Abilities, Weirdness & Mutations

You cannot wear most types of armour.
You are very stealthy in the water. (Stealth+)
You are amphibious.
You can wear up to eight rings at the same time.
You can use your tentacles to constrict eight enemies at once.
Your skin changes colour to match your surroundings (Stealth+).
Your rubbery body absorbs attacks. (AC +1, EV +1)


Message History

You slash the troll!
The troll is heavily wounded.
The troll bites you! The troll claws you. You block the troll's attack.
Sonja throws a curare-tipped dart.
The curare-tipped dart hits you.
You are poisoned.
You have difficulty breathing.
You feel yourself slow down.
You closely miss the troll.
The troll is moderately wounded.
You feel sick. The troll bites you! You block the troll's attack.
The troll claws you!
* * * LOW HITPOINT WARNING * * *
Sonja gestures wildly while chanting.
Sonja blinks!
The troll bites you!
* * * LOW HITPOINT WARNING * * *
The troll closely misses you. The troll claws you.
* * * LOW HITPOINT WARNING * * *
Sonja throws a curare-tipped dart.
The curare-tipped dart hits you.
You are more poisoned.
You have difficulty breathing.
You die...

#......#.########
####.#####...##
#....# #.....#
#.##.## ##...##
##≈#≈.≈## ##.##
##..#..≈≈# #.#
#.#≈≈≈≈≈♣.♣## #.#
♣≈≈≈.≈≈....# #+#
..≈..♣≈≈@≈≈≈K#
#...≈...#T≈♣≈.#
#......≈≈.≈.≈....
#
#..≈≈..≈.♣#≈≈....
## ##..≈≈..≈
.♣.... .. .#≈..≈≈
≈#.?.. ### ##.#..
.. .§. # #.##. #
..


You could see a troll and Sonja.

Vanquished Creatures
  The ghost of mirkoslavko the Chopper, a novice MiBe of Trog (D:6)
  A hornet (D:7)
  Sigmund (D:5)
  Duvessa (D:4)
  4 orc warriors
  An ice beast (D:9)
  2 sky beasts
  3 phantoms
  2 ogres
  A centaur (D:7)
  3 gnoll sergeants
  A big kobold (D:9)
  5 bullfrogs
  A wyvern zombie (D:9)
  6 scorpions
  Dowan (D:4)
  11 wights
  2 howler monkeys
  A jelly (D:8)
  4 bullfrog skeletons
  A centaur zombie (D:2)
  2 hounds
  7 orc priests
  7 orc wizards
  A centaur skeleton (D:9)
  A gnoll shaman (D:6)
  3 worker ants
  3 hound zombies
  12 gnolls
  13 adders
  4 white imps
  An ufetubus (D:6)
  2 adder skeletons
  2 worms
  2 dart slugs
  3 leopard geckos
  52 orcs
  6 bats
  11 giant cockroaches
  10 goblins
  8 hobgoblins
  4 quokkas
  A ball python skeleton (D:4)
  5 frilled lizards
  A jackal skeleton (D:5)
  A jackal zombie (D:6)
  8 kobolds
  5 rats
  5 bushes (D:6)
233 creatures vanquished.

Vanquished Creatures (others)
  6 plants (D:6)
6 creatures vanquished.

Grand Total: 239 creatures vanquished

Notes
Turn   | Place    | Note
-------+----------+-------------------------------------------
     0 | D:1      | Ijustatesigmund the Octopode Fighter began the quest for
                  | the Orb.
     0 | D:1      | Reached XP level 1. HP: 16/16 MP: 1/1
   144 | D:1      | Reached XP level 2. HP: 9/21 MP: 2/2
   539 | D:1      | Reached skill level 3 in Axes
   905 | D:1      | Reached XP level 3. HP: 26/26 MP: 3/3
  1202 | D:2      | Reached skill level 4 in Axes
  1202 | D:2      | Reached XP level 4. HP: 21/31 MP: 4/4
  2459 | D:3      | Found a faded altar of an unknown god.
  2477 | D:3      | Reached skill level 5 in Axes
  2487 | D:3      | Reached XP level 5. HP: 33/36 MP: 5/5
  2570 | D:3      | Found a shimmering altar of Xom.
  2575 | D:3      | Found a shimmering blue altar of Sif Muna.
  2577 | D:3      | Found a hazy altar of Hepliaklqana.
  2860 | D:3      | Found a broken altar of Ashenzari.
  3323 | D:4      | Found a glowing silver altar of Zin.
  3323 | D:4      | Found a burning altar of Makhleb.
  3324 | D:4      | Noticed a balrug
  3324 | D:4      | Noticed an angel
  3507 | D:4      | Reached skill level 6 in Axes
  3510 | D:4      | Reached XP level 6. HP: 22/42 MP: 6/6
  3678 | D:4      | Noticed Dowan
  3694 | D:5      | Entered Level 5 of the Dungeon
  3737 | D:5      | Noticed Sigmund
  3747 | D:5      | Killed Sigmund
  3748 | D:5      | Reached skill level 7 in Axes
  3748 | D:5      | Reached XP level 7. HP: 22/46 MP: 7/7
  4384 | D:5      | Reached skill level 8 in Axes
  5109 | D:5      | Found a sparkling altar of Nemelex Xobeh.
  5605 | D:6      | Reached skill level 9 in Axes
  5605 | D:6      | Reached XP level 8. HP: 32/52 MP: 8/8
  5768 | D:6      | Found Osagit's Weapon Shop.
  5770 | D:6      | Found Kafy's General Store.
  5827 | D:6      | Bought a scroll of brand weapon for 200 gold pieces
  5827 | D:6      | Bought a scroll of enchant armour for 75 gold pieces
  5926 | D:6      | Found a staircase to the Ecumenical Temple.
  5998 | D:6      | Found Ygaeli's Antique Weapon Emporium.
  6168 | D:6      | Reached skill level 10 in Axes
  6464 | D:6      | Found a transporter.
  6473 | D:6      | Found a transporter.
  6473 | D:6      | Noticed mirkoslavko's ghost (novice MiBe)
  6489 | D:6      | Identified the +9 spear "Heho" {venom, Stlth+}
  6489 | D:6      | Identified the +0 buckler of Viny Brilliance {rElec SInv}
  6890 | D:6      | Found Jaatutex's Antique Weapon Shoppe.
  7066 | D:7      | Noticed a hornet
  7191 | D:7      | Paralysed by a hornet for 3 turns
  7196 | D:7      | Killed a hornet
  7546 | D:7      | Reached skill level 11 in Axes
  7575 | D:7      | Reached XP level 9. HP: 43/56 MP: 9/9
  8769 | D:8      | Reached skill level 12 in Axes
  9681 | D:6      | Bought a runed broad axe for 189 gold pieces
  9862 | D:6      | Killed mirkoslavko's ghost
  9863 | D:6      | Reached skill level 13 in Axes
  9863 | D:6      | Reached XP level 10. HP: 33/63 MP: 10/10
 10086 | D:4      | Noticed Duvessa
 10092 | D:4      | Killed Dowan
 10093 | D:4      | Killed Duvessa
 10437 | D:4      | Found a burning altar of Makhleb.
 10438 | D:4      | Noticed a cacodemon
 10565 | Temple   | Entered the Ecumenical Temple
 11181 | D:9      | Found a white marble altar of Elyvilon.
 11901 | D:9      | HP: 2/63 [gnoll sergeant/+1 trident of venom (10)]
 12653 | D:9      | Found a snail-covered altar of Cheibriados.
 12655 | D:9      | Found a bloodstained altar of Trog.
 12737 | D:9      | Found a broken altar of Ashenzari.
 12738 | D:9      | Found a radiant altar of Vehumet.
 12738 | D:9      | Found a blossoming altar of Fedhas.
 12738 | D:9      | Found a basalt altar of Yredelemnul.
 12798 | D:10     | Entered Level 10 of the Dungeon
 12942 | D:10     | Noticed Sonja
 12948 | D:10     | HP: 2/65 [troll (5)]
 12948 | D:10     | Asphyxiated

Illustrated notes

Levels and vault maps discovered:
D:1:      evilmike_arrival_rings, layout_basic, minmay_pentomino_r2
D:2:      layout_loops_corners
D:3:      layout_loops_ring, grunt_temple_overflow_open,
          chequers_ecumenical_altar_simple_redux, fountainhead,
          nicolae_ashenzari_panopticon
D:4:      layout_rooms, grunt_temple_overflow_order_and_chaos_2,
          makhleb_altar_promises_db, uniq_duvessa
D:5:      layout_basic, kennysheep_mini, st_stairs_12, uniq_sigmund
D:6:      layout_cave_pools, minmay_temple_entry_overgrown, serial_shops,
          kennysheep_mini_moat, shop, nicolae_shop_crystal, shop,
          gammafunk_ghost_gnarly_gnolls
D:7:      layout_rooms
D:8:      layout_basic
D:9:      layout_rooms, overflow_temple_1_default, minitemple
D:10:     layout_loops_corners, lair_entry_dummy, david_orc_2, basic_altar,
          chequers_serial_rivers_marsh, uniq_sonja, uniq_josephine
Temple:   compressed_dpeg_triangle_lava_temple

Skill      XL: |  1  2  3  4  5  6  7  8  9 10 |
---------------+-------------------------------+-----
Axes           | 3 4 5 6 7 9 11 13 | 13.4
Shields        | 4 |  4.6
Fighting       | 4 |  4.6
Dodging        | 4 |  4.5

Action                   |  1- 3 |  4- 6 |  7- 9 | 10-12 || total
-------------------------+-------+-------+-------+-------++-------
Melee: War axe           |    41 |    86 |   245 |       ||   372
       Constrict         |     6 |    18 |    51 |    29 ||   104
       Tentacles         |     4 |    11 |    51 |    65 ||   131
       Broad axe         |       |       |    25 |   213 ||   238
Evoke: Wand              |       |       |    10 |       ||    10
  Use: Scroll            |       |    15 |     9 |     2 ||    26
       Potion            |       |     1 |     9 |     3 ||    13
 Stab: Sleeping          |     7 |     9 |     7 |     3 ||    26
       Invisible         |       |       |     7 |       ||     7
Armor: Skin              |     2 |     4 |     6 |     3 ||    15
Dodge: Dodged            |    14 |    36 |    94 |    47 ||   191
Block: Kite shield       |    14 |    35 |   115 |    62 ||   226
